 Dungeon Crawl Stone Soup version 0.28.0-53-g5a82cb258f (console) character file.

Game seed: 9347460470194660213

112 erker the Sneak (level 4, 0/27 HPs)
             Began as an Octopode Earth Elementalist on July 4, 2022.
             Slain by an orc wizard
             ... wielding a +0 dagger
              (2 damage)
             ... on level 3 of the Dungeon.
             The game lasted 00:11:21 (2424 turns).

erker the Sneak (Octopode Earth Elementalist)       Turns: 2424, Time: 00:11:21

Health: 0/27       AC:  1    Str:  7    XL:     4   Next: 93%
Magic:  5/7        EV: 13    Int: 19    God:
Gold:   43         SH:  0    Dex: 12    Spells: 6/7 levels left

rFire   . . .      SeeInvis .   a - +0 dagger
rCold   . . .      Faith    .   (no shield)
rNeg    + . .      Spirit   .   (helmet restricted)
rPois   .          Reflect  +   k - amulet of reflection
rElec   .          Harm     .   c - ring of positive energy
rCorr   .          Rampage  .   (no ring)
Will    .....                   (no ring)
Stlth   ++........              (no ring)
HPRegen 0.09/turn               (no ring)
MPRegen 0.10/turn               (no ring)
                                (no ring)
                                (no ring)

@: confused
A: almost no armour, amphibious, 8 rings, camouflage 1, gelatinous body 1,
(nimble swimmer 1), tentacles
a: no special abilities


You were on level 3 of the Dungeon.
You visited 1 branch of the dungeon, and saw 3 of its levels.

You collected 43 gold pieces.

Inventory:

Hand Weapons
 a - a +0 dagger (weapon)
Missiles
 b - 66 stones
 e - 14 sling bullets
 g - 20 arrows
 i - 2 poisoned darts (quivered)
 j - 39 bolts
Jewellery
 c - a ring of positive energy (left tentacle)
 k - an amulet of reflection (around mantle)
Scrolls
 f - 3 scrolls of identify {unknown}
 h - a scroll of enchant armour {unknown}
 l - 2 scrolls of blinking {unknown}
 m - a scroll of fear {unknown}


   Skills:
 - Level 2.2 Dodging
 - Level 4.0 Stealth
 - Level 2.1 Spellcasting
 + Level 2.7 Transmutations
 - Level 4.0 Earth Magic


You had 6 spell levels left.
You knew the following spells:

 Your Spells              Type           Power      Damage    Failure   Level
a - Sandblast             Erth           34%        2d9       3%          1

Your spell library contained the following spells:

 Spells                   Type           Power      Damage    Failure   Level
 Passwall                 Tmut/Erth      11%        N/A       6%          2
 Magic Dart               Conj           4%         1d3       17%         1
 Stone Arrow              Conj/Erth      18%        3d8       22%         3
 Petrify                  Tmut/Erth      14%        N/A       38%         4
 Flame Wave               Conj/Fire      1%         2d4       86%         4
 Iskenderun's Mystic Bla  Conj/Tloc      1%         2d3       86%         4
 Iskenderun's Battlesphe  Conj           1%         2d6       99%         5


Dungeon Overview and Level Annotations

Branches:
Dungeon (3/15)

Altars:

Annotations:
D:2 Terence


Innate Abilities, Weirdness & Mutations

You cannot wear most types of armour.
You are amphibious.
You can wear up to eight rings at the same time.
Your skin changes colour to match your surroundings (Stealth+).
Your rubbery body absorbs attacks. (AC +1, EV +1)
((You are camouflaged when in or above water. (Stealth+)))
You have tentacles for arms and can constrict up to eight enemies at once.


Message History

You see here a +0 scale mail.
You bump into the rock wall.
You bump into the rock wall.
You feel less confused. You block something's attack. Something hits you.
You hear some strange, mumbled words.
A puff of flame appears from out of thin air!
The puff of flame hits you!
* * * LOW HITPOINT WARNING * * *
Something hits you but does no damage.
You aren't carrying any potions.
Unknown command.
Unknown command.
Unknown command.
Unknown command.
An orc wizard appears from thin air!
Reactivating autopickup.
The orc wizard gestures at you while chanting.
You are confused.
You bump into the rock wall.
You bump into the rock wall.
The orc wizard hits you with a +0 dagger.
* * * LOW HITPOINT WARNING * * *
You're too confused to move!
The orc wizard completely misses you.
The orc wizard points at you and mumbles some strange words.
You resist with some effort.
You feel less confused.
The orc wizard points at you and mumbles some strange words.
You are confused.
You bump into the rock wall.
You're too confused to cast spells.
Okay, then.
Unknown command.
Unknown command.
Unknown command.
You bump into the rock wall.
You bump into the rock wall.
The orc wizard misses you.
You bump into the rock wall.
The orc wizard hits you with a +0 dagger.
You die...

#.####.........#
#..............#
#####......#####
#.#.#### #.#.#
#.#.# #{#.#
#o#.# #@#.# #.#
#.# #.# #..
##### #.. #.#
#<#


You could see an orc wizard.

Vanquished Creatures
  An orc priest (D:3)
  3 adders (D:3)
  2 worms
  A dart slug (D:1)
  2 orcs (D:3)
  2 bats
  An endoplasm (D:1)
  A giant cockroach (D:3)
  7 goblins
  5 hobgoblins
  6 kobolds
  2 quokkas
  6 ball pythons
  3 frilled lizards (D:1)
  5 rats
47 creatures vanquished.

Notes
Turn   | Place    | Note
-------+----------+-------------------------------------------
     0 | D:1      | erker the Octopode Earth Elementalist began the quest for
                  | the Orb.
     0 | D:1      | Reached XP level 1. HP: 11/11 MP: 3/3
   372 | D:1      | Found a faded altar of an unknown god.
   404 | D:1      | Reached XP level 2. HP: 12/17 MP: 5/5
   981 | D:1      | Reached XP level 3. HP: 10/21 MP: 4/6
  1512 | D:2      | Noticed Terence
  2216 | D:3      | HP: 1/21 [poisoned by an adder]
  2228 | D:3      | Reached XP level 4. HP: 23/27 MP: 1/7
  2377 | D:3      | Got the Handbook of Conjuration
  2424 | D:3      | Slain by an orc wizard

Illustrated notes

Levels and vault maps discovered:
D:1:      amcnicky_arrival_wind_blow, layout_basic,
          ebering_ecumenical_altar_box, grunt_decor_mini_mirrors
D:2:      layout_basic, lightli_corner_chamber, uniq_terence
D:3:      gammafunk_wand_slinger, layout_loops_ring, uniq_grinder

Skill      XL: |  1  2  3  4 |
---------------+-------------+-----
Stealth        | 3 4 |  4.0
Earth Magic    | 4 |  4.0
Transmutations | 2 |  2.7
Dodging        | |  2.2
Spellcasting   | |  2.1

Action                   |  1- 3 |  4- 6 || total
-------------------------+-------+-------++-------
Melee: Unarmed           |    12 |       ||    12
       Constrict         |    21 |     4 ||    25
       Tentacles         |     9 |     3 ||    12
       Punch             |     2 |     1 ||     3
       Dagger            |    54 |    10 ||    64
Throw: Dart              |     1 |       ||     1
 Cast: Sandblast         |    27 |    10 ||    37
  Use: Potion            |     2 |       ||     2
 Stab: Sleeping          |    12 |       ||    12
Armor: Skin              |     6 |     3 ||     9
Dodge: Dodged            |    59 |     8 ||    67
Block: Other             |       |     4 ||     4
       Reflection        |       |     1 ||     1
